 Dungeon Crawl Stone Soup version 0.31-a0-188-g5e087ee2ca (webtiles) character file.

Game seed: 17779347269245939667

399 qw the Skirmisher (level 6, -13/35 HPs)
             Began as a Deep Elf Hunter on June 23, 2023.
             Was an Initiate of Okawaru.
             Shot with an arrow by a centaur (15 damage)
             ... on level 5 of the Dungeon.
             The game lasted 00:01:15 (3301 turns).

qw the Skirmisher (Deep Elf Hunter)                 Turns: 3301, Time: 00:01:15

Health: -13/35     AC:  6    Str: 10    XL:     6   Next: 53%
Magic:  8/8        EV: 11    Int: 14    God:    Okawaru [......]
Gold:   228        SH:  0    Dex: 18    Spells: 5/5 levels left

rFire   . . .        Y - +2 shortbow
rCold   . . .        (shield currently unavailable)
rNeg    . . .        h - +0 ring mail
rPois   +            a - +0 helmet
rElec   .            (no cloak)
rCorr   .            (no gloves)
SInv    .            (no boots)
Will    .....        (no amulet)
Stlth   +            d - ring of poison resistance
HPRegen 0.25/turn    (no ring)
MPRegen 0.11/turn

%: no passive effects
@: no status effects
A: no striking features
a: Renounce Religion


You were on level 5 of the Dungeon.
You worshipped Okawaru.
Okawaru was noncommittal.
You visited 1 branch of the dungeon, and saw 5 of its levels.

You collected 228 gold pieces.


   Skills:
 - Level 2.0 Fighting
 - Level 10.0 Ranged Weapons
 + Level 0.1 Armour
 - Level 3.0 Dodging
 - Level 1.2 Stealth


You had 5 spell levels left.
You didn't know any spells.
Your spell library was empty.

Inventory:

Hand Weapons
 Y - a +2 shortbow (weapon)
Armour
 a - a +0 helmet (worn)
 h - a +0 ring mail (worn)
 k - a +0 pair of boots
Jewellery
 d - a ring of poison resistance (left hand)
Scrolls
 g - 2 scrolls of identify
Potions
 b - a potion of might
 c - a potion of magic {unknown}
 e - a potion of cancellation
 f - a potion of attraction {unknown}
 i - a potion of degeneration {unknown}
 j - 4 potions of curing {unknown}

Dungeon Overview and Level Annotations

Branches:
Dungeon (5/15)
 Temple: D:4-7

Altars:
Cheibriados
Dithmenos
Gozag
Nemelex Xobeh
Okawaru
Qazlal
Ru
Sif Muna
Trog
Wu Jian
Xom
Yredelemnul
The Shining One

Shops:
D:1 =

Annotations:
D:5 1 runed translucent door, Crazy Yiuf


Message History

You kill the adder!
Okawaru accepts your kill.
Your Dodging skill increases to level 3!
Found a stone staircase leading down.
Enter note: You see here a staff of conjuration.
Enter note: You hear the brisk hiss of an avalanche of sand nearby.
You see here a staff of conjuration.
You open the door.
There is an open door here.
k - a +0 pair of boots
Enter note: An ufetubus comes into view.
Enter note: You shoot an arrow.
The arrow hits the ufetubus!
You kill the ufetubus!
Okawaru accepts your kill.
You hear the brisk hiss of a distant avalanche of sand.
You now have 228 gold pieces (gained 15).
A centaur comes into view.
The centaur shouts!
The centaur wields a +0 orcbow.
The centaur shoots an arrow.
The arrow hits you but does no damage.
Enter note: You shoot an arrow.
The arrow hits the centaur.
The centaur is moderately wounded.
The centaur shoots an arrow.
The arrow hits you.
The centaur shoots an arrow.
The arrow hits you!
You shoot an arrow. The arrow hits the centaur!
The centaur is heavily wounded.
The centaur shoots an arrow.
The arrow hits you!
You shoot an arrow. The arrow hits the centaur.
The centaur is severely wounded.
The centaur shoots an arrow.
The arrow hits you.
The centaur shoots an arrow.
The arrow closely misses you.
You shoot an arrow. The arrow hits the centaur.
The centaur is almost dead.
The centaur shoots an arrow.
The arrow hits you!
You die...

##.....#...##.######
#..>....#.##.|..... .#
##....###.######### .#
##'#####%# ## ##
#.......#
...##########..#
........### ##.#
.c........####.#
#####.....@....##.#
....####........#.#
?......###........#
}).......#........#
$..o:5...#.......## ###
###5.##.....##
..#########.....#....##
................#..###
...[...........}####


You could see a centaur.

Vanquished Creatures
  A black bear (D:3)
  A scorpion (D:4)
  An orc priest (D:5)
  An iguana (D:5)
  Robin (D:4)
  4 gnolls
  6 adders
  An ufetubus (D:5)
  A worm (D:4)
  A dart slug (D:2)
  4 orcs (D:4)
  4 bats
  3 endoplasms
  13 giant cockroaches
  15 goblins
  7 hobgoblins
  2 kobolds
  A quokka (D:2)
  7 ball pythons
  A frilled lizard (D:2)
  7 rats
82 creatures vanquished.

Notes
Turn   | Place    | Note
-------+----------+-------------------------------------------
     0 | D:1      | qw the Deep Elf Hunter began the quest for the Orb.
     0 | D:1      | Reached XP level 1. HP: 12/12 MP: 3/3
     0 | D:1      | 0 ||| qw: Version: 0.3-a-9-g12657ce
     0 | D:1      | 0 ||| qw: Game counter: 3413
     0 | D:1      | 0 ||| qw: Always use a shield: true
     0 | D:1      | 0 ||| qw: God list: Okawaru
     0 | D:1      | 0 ||| qw: Allow faded altars: false
     0 | D:1      | 0 ||| qw: Do Orc after D:15 true
     0 | D:1      | 0 ||| qw: Do second Lair branch before Depths: true
     0 | D:1      | 0 ||| qw: Lair rune preference: random
     0 | D:1      | 0 ||| qw: Plans: Normal
     0 | D:1      | 0 ||| PLANNING D:1-11
    41 | D:1      | Found Koyb's Jewellery Shoppe.
    58 | D:1      | 58 ||| SHOPLISTING +4 ring of protection (504 gold, have
                  | 28).
    58 | D:1      | 58 ||| SHOPLISTING ring "Nemi" {rF+ rCorr} (526 gold, have
                  | 28).
    58 | D:1      | 58 ||| SHOPLISTING ring "Toaly" {Contam rN+ rCorr Str+6
                  | SInv} (719 gold, have 28).
    58 | D:1      | 58 ||| SHOPLISTING ring of fire (350 gold, have 28).
    58 | D:1      | 58 ||| SHOPLISTING ring of positive energy (280 gold, have
                  | 28).
    58 | D:1      | 58 ||| SHOPLISTING ring of see invisible (210 gold, have
                  | 28).
    58 | D:1      | 58 ||| SHOPLISTING ring of willpower (350 gold, have 28).
   228 | D:1      | Reached skill level 6 in Ranged Weapons
   228 | D:1      | Reached XP level 2. HP: 16/16 MP: 4/4
   674 | D:1      | 674 ||| UPGRADING to +0 scale mail.
   684 | D:1      | 684 ||| DROPPING +0 leather armour.
   685 | D:1      | 685 ||| UPGRADING to +0 ring mail.
   695 | D:1      | 695 ||| DROPPING +0 scale mail.
   696 | D:1      | 696 ||| UPGRADING to ring of poison resistance.
   697 | D:1      | 697 ||| READING scroll labelled PAETA FASHRYA.
   702 | D:1      | 702 ||| DROPPING scroll of butterflies.
   841 | D:2      | 841 ||| FLEEEEING.
   853 | D:2      | Reached XP level 3. HP: 20/20 MP: 5/5
   863 | D:2      | Found a glowing golden altar of the Shining One.
   935 | D:2      | Reached skill level 7 in Ranged Weapons
  1322 | D:2      | 1322 ||| READING scroll labelled KAIRAH QUISO.
  1323 | D:2      | 1323 ||| READING scroll labelled DATISOTREST.
  1324 | D:2      | 1324 ||| READING scroll labelled JOIGHU NIOFU.
  1325 | D:2      | 1325 ||| READING 2 scrolls labelled KEMANU VIUJUNK.
  1326 | D:2      | 1326 ||| READING scroll labelled LIAPHE YTTY.
  1370 | D:3      | Found a snail-covered altar of Cheibriados.
  1419 | D:3      | Reached XP level 4. HP: 25/25 MP: 6/6
  1623 | D:3      | Found a shimmering blue altar of Sif Muna.
  1732 | D:3      | 1732 ||| READING scroll of enchant weapon.
  1732 | D:3      | 1732 ||| ENCHANTING +1 shortbow.
  1742 | D:3      | Noticed a black bear
  1749 | D:3      | Killed a black bear
  1750 | D:3      | Reached skill level 8 in Ranged Weapons
  1750 | D:3      | Reached XP level 5. HP: 29/29 MP: 7/7
  1771 | D:3      | Found a sacrificial altar of Ru.
  1904 | D:3      | 1904 ||| UPGRADING to +0 helmet.
  1909 | D:3      | 1909 ||| READING scroll labelled DAEPAQ KATICANN.
  2010 | D:3      | 2010 ||| READING scroll labelled IDESIY ARIPH.
  2058 | D:4      | Reached skill level 9 in Ranged Weapons
  2157 | D:4      | Found a bloodstained altar of Trog.
  2204 | D:4      | Noticed Robin
  2205 | D:4      | 2205 ||| Stepping ~*~*~tactically~*~*~ (outnumbered).
  2228 | D:4      | Killed Robin
  2229 | D:4      | Reached XP level 6. HP: 13/35 MP: 8/8
  2229 | D:4      | 2229 ||| FLEEEEING.
  2230 | D:4      | 2230 ||| FLEEEEING.
  2231 | D:4      | 2231 ||| FLEEEEING.
  2232 | D:4      | 2232 ||| FLEEEEING.
  2233 | D:4      | 2233 ||| FLEEEEING.
  2234 | D:4      | 2234 ||| FLEEEEING.
  2235 | D:4      | 2235 ||| FLEEEEING.
  2236 | D:4      | 2236 ||| FLEEEEING.
  2237 | D:4      | 2237 ||| FLEEEEING.
  2238 | D:4      | 2238 ||| FLEEEEING.
  2239 | D:4      | 2239 ||| FLEEEEING.
  2240 | D:4      | 2240 ||| FLEEEEING.
  2241 | D:4      | 2241 ||| FLEEEEING.
  2242 | D:4      | 2242 ||| FLEEEEING.
  2243 | D:4      | 2243 ||| FLEEEEING.
  2244 | D:4      | 2244 ||| FLEEEEING.
  2245 | D:4      | 2245 ||| FLEEEEING.
  2246 | D:4      | 2246 ||| FLEEEEING.
  2247 | D:4      | 2247 ||| FLEEEEING.
  2248 | D:4      | 2248 ||| FLEEEEING.
  2249 | D:4      | 2249 ||| FLEEEEING.
  2250 | D:4      | 2250 ||| FLEEEEING.
  2251 | D:4      | 2251 ||| FLEEEEING.
  2252 | D:4      | 2252 ||| FLEEEEING.
  2253 | D:4      | 2253 ||| FLEEEEING.
  2254 | D:4      | 2254 ||| FLEEEEING.
  2255 | D:4      | 2255 ||| FLEEEEING.
  2256 | D:4      | 2256 ||| FLEEEEING.
  2257 | D:4      | 2257 ||| STAIRDANCE
  2314 | D:3      | 2314 ||| READING 2 scrolls of identify.
  2314 | D:3      | 2314 ||| IDENTIFYING amethyst potion
  2322 | D:4      | 2322 ||| STAIRDANCE
  2342 | D:4      | 2342 ||| STAIRDANCE
  2358 | D:4      | 2358 ||| STAIRDANCE
  2400 | D:3      | 2400 ||| READING scroll labelled ITIALI RAOK.
  2466 | D:4      | 2466 ||| STAIRDANCE
  2552 | D:4      | Found an iron altar of Okawaru.
  2553 | D:4      | 2553 ||| PLANNING OKAWARU WORSHIP
  2560 | D:4      | Became a worshipper of Warmaster Okawaru
  2561 | D:4      | 2561 ||| PLANNING D:1-11
  2566 | D:4      | Found a stormy altar of Qazlal.
  2566 | D:4      | Found a basalt altar of Yredelemnul.
  2579 | D:4      | Found a shadowy altar of Dithmenos.
  2582 | D:4      | Found an opulent altar of Gozag.
  2624 | D:4      | Found an ornate altar of the Wu Jian Council.
  2663 | D:4      | Found a shimmering altar of Xom.
  2663 | D:4      | Found a shimmering altar of Xom.
  2737 | D:4      | Found a sparkling altar of Nemelex Xobeh.
  2965 | D:4      | 2965 ||| READING 3 scrolls of identify.
  2965 | D:4      | 2965 ||| IDENTIFYING grey potion
  2966 | D:4      | 2966 ||| READING 2 scrolls of identify.
  2966 | D:4      | 2966 ||| IDENTIFYING purple potion
  2993 | D:5      | Entered Level 5 of the Dungeon
  2994 | D:5      | 2994 ||| PLANNING OSSUARY
  3039 | D:5      | 3039 ||| Stepping ~*~*~tactically~*~*~ (outnumbered).
  3041 | D:5      | 3041 ||| Stepping ~*~*~tactically~*~*~ (outnumbered).
  3043 | D:5      | 3043 ||| Stepping ~*~*~tactically~*~*~ (outnumbered).
  3053 | D:5      | HP: 5/35 [orc priest/divine providence (11)]
  3054 | D:5      | 3054 ||| READING scroll of teleportation.
  3055 | D:5      | 3055 ||| DRINKING potion of heal wounds.
  3143 | D:5      | Reached skill level 10 in Ranged Weapons
  3173 | D:5      | Found a runed translucent door.
  3174 | D:5      | Noticed Crazy Yiuf
  3223 | D:5      | Reached skill level 3 in Dodging
  3299 | D:5      | HP: 6/35 [centaur/arrow (15)]
  3300 | D:5      | HP: 2/35 [centaur/arrow (5)]
  3301 | D:5      | Shot with an arrow by a centaur

Levels and vault maps discovered:
D:1:      heliophobic_arrival_battle_scene, layout_loops_cross, serial_shops,
          shop, st_stairs_4, minmay_tromino_v4_a
D:2:      minmay_roachtagon, layout_loops_ring, basic_altar, serial_bayou_pond_a
D:3:      wander_river, layout_basic, led_sif_pool,
          mainiacjoe_overflow_surrounded_room, nicolae_overflow_crystal_walls
D:4:      layout_basic, nzn_wu_jian_contemplation, mainiacjoe_overflow_catwalk,
          bloody_trog, xom_redecorated, minmay_overflow_temple_star_hex,
          uniq_robin
D:5:      kennysheep_spiral_hall, layout_basic, enter_ossuary_2,
          uniq_crazy_yiuf_cottage

Skill      XL: |  1  2  3  4  5  6 |
---------------+-------------------+-----
Ranged Weapons | 6 7 8 9 10 | 10.0
Fighting       | 2 |  2.0
Dodging        | 3 |  3.0
Armour         | |  0.1
Stealth        | |  1.2

Action                     |  1- 3 |  4- 6 || total
---------------------------+-------+-------++-------
   Fire: Shortbow          |   100 |   120 ||   220
    Use: Scroll            |     6 |     8 ||    14
         Potion            |       |     1 ||     1
 Armour: Leather armour    |     1 |       ||     1
         Ring mail         |     8 |    13 ||    21
  Dodge: Dodged            |    19 |    25 ||    44

Table legend:
 A = Non-vault XP
 B = Vault XP
 C = Vault XP percentage of total XP
 D = Non-vault monster count
 E = Vault monster count
 F = Vault count percentage of total count
                 A         B        C        D         E       F
            +---------+---------+-------+---------+---------+-------
      Total |     446 |     124 |  21.8 |      53 |      29 |  35.4
            +---------+---------+-------+---------+---------+-------
        D:1 |      27 |       8 |  22.9 |      16 |       5 |  23.8
        D:2 |      30 |      16 |  34.8 |      11 |       8 |  42.1
        D:3 |     207 |       2 |   1.0 |      11 |       1 |   8.3
        D:4 |     119 |      35 |  22.7 |      12 |      12 |  50.0
        D:5 |      63 |      63 |  50.0 |       3 |       3 |  50.0
            +---------+---------+-------+---------+---------+-------
